 Dungeon Crawl Stone Soup version 0.24-a0-264-gf46a388 (webtiles) character file.

Game seed: 1062230305317741496

205 mopl the Bolt Thrower (level 6, -3/49 HPs)
             Began as a Formicid Hunter on Apr 19, 2019.
             Slain by a bullfrog (5 damage)
             ... in a sewer.
             The game lasted 00:05:48 (2445 turns).

mopl the Bolt Thrower (Formicid Hunter)             Turns: 2445, Time: 00:05:49

Health: -3/49      AC: 10    Str: 18    XL:     6   Next: 9%
Magic:  6/6        EV:  5    Int: 11    God:
Gold:   105        SH:  0    Dex: 11    Spells: 5/5 levels left

rFire    . . .     SeeInvis +   b - +0 quarterstaff
rCold    . . .     Gourm    .   (no shield)
rNeg     . . .     Faith    .   w - +0 plate armour (curse)
rPois    +         Spirit   .   (helmet unavailable)
rElec    .         Reflect  .   (no cloak)
rCorr    .         Harm     .   (no gloves)
MR       .....                  (no boots)
Stlth    ..........             c - amulet of regeneration
HPRegen  0.56/turn              j - ring of poison resistance
MPRegen  0.10/turn              (no ring)

@: no status effects
A: permanent stasis, dig shafts and tunnels, four strong arms, antennae 3
a: Dig, Shaft Self


You were in a sewer.
You were not hungry.

You visited 1 branch of the dungeon, and saw 4 of its levels.
You also visited: Sewer.

You collected 105 gold pieces.

Inventory:

Hand Weapons
 a - a +1 hand crossbow
 b - a +0 quarterstaff (weapon)
 i - a +0 short sword
Missiles
 d - 20 bolts
 p - 2 tomahawks (quivered)
Armour
 l - a +0 chain mail
 w - a cursed +0 plate armour (worn)
Jewellery
 c - an amulet of regeneration (around neck)
 g - an uncursed ring of ice
 j - a ring of poison resistance (left hand)
 t - an uncursed ring of see invisible {unknown}
 v - a +3 ring of evasion {unknown}
Wands
 q - a wand of flame (10)
Scrolls
 e - a scroll of identify {unknown}
 h - a scroll of blinking {unknown}
 k - a scroll of immolation {unknown}
 o - a scroll of teleportation {unknown}
 r - a scroll of remove curse {unknown}
 s - a scroll of amnesia {unknown}
Potions
 m - 2 potions of berserk rage {!q}
Comestibles
 f - 7 rations
 n - 7 chunks of flesh


   Skills:
 + Level 4.7 Fighting
 + Level 5.6 Crossbows
 - Level 1.7 Dodging
 - Level 1.2 Stealth


You had 5 spell levels left.
You didn't know any spells.
Your spell library contained the following spells:

 Spells                   Type           Power        Failure   Level  Hunger
 Magic Dart               Conj           #...         100%        1    ##.....
 Call Imp                 Summ           #.......     100%        2    ###....
 Slow                     Hex            #.......     100%        2    ###....
 Conjure Flame            Conj/Fire      #.......     100%        3    ####...
 Mephitic Cloud           Conj/Pois/Air  #.......     100%        3    ####...
 Blink                    Tloc           Unusable     N/A         2    N/A

Dungeon Overview and Level Annotations

Branches:
Dungeon (4/15)
 Temple: D:4-7

Altars:


Innate Abilities, Weirdness & Mutations

You cannot be hasted, slowed, berserked, paralysed or teleported.
You can dig through walls and to a lower floor.
Your four strong arms can wield two-handed weapons with a shield.
You have a pair of large antennae on your head. (SInv)


Message History

The bullfrog hits you but does no damage.
You hit the bullfrog but do no damage.
The bullfrog is severely wounded.
The bullfrog closely misses you.
The bullfrog hits you but does no damage.
The bullfrog barely misses you.
The bullfrog hits you but does no damage.
You closely miss the bullfrog.
The bullfrog is severely wounded.
The bullfrog hits you.
* * * LOW HITPOINT WARNING * * *
The bullfrog hits you.
* * * LOW HITPOINT WARNING * * *
The bullfrog hits you but does no damage. x2
Your plate armour prevents you from hitting the bullfrog.
The bullfrog is severely wounded.
The bullfrog hits you.
* * * LOW HITPOINT WARNING * * *
The bullfrog hits you.
You die...

≈≈≈≈≈≈≈≈≈≈≈≈≈≈≈≈≈≈≈≈≈≈≈≈≈≈.#
≈≈≈≈≈≈≈≈≈≈≈≈≈≈≈≈≈≈≈≈≈≈≈≈≈≈.#
....≈≈≈≈.≈.≈..≈.≈≈≈≈≈..≈≈..#
################≈≈≈≈≈##≈≈≈##
# #≈≈≈≈.##≈≈≈# #
#.≈≈≈≈##≈≈≈# # ######
#.≈≈≈.##≈≈.# #
##≈≈≈≈≈###.≈≈≈.##≈≈.# #
#≈≈≈≈≈≈≈≈#@≈≈≈.##≈≈≈# #
≈≈≈≈≈≈≈≈≈#FF≈≈.##.≈.# #
≈≈≈≈≈≈≈≈≈≈.≈≈≈.###÷## #
≈≈≈≈≈≈≈≈≈≈.≈≈≈.# #÷# #
≈≈≈≈≈≈≈≈≈≈.≈≈≈.# #.# # {
≈≈≈.{≈≈≈≈≈.≈≈≈.# #∩# #
≈≈≈.%≈≈≈≈≈≈≈≈≈.# #.# #
≈≈.![=≈≈≈≈≈≈≈≈.# #∩# #
≈≈≈.?≈≈≈≈≈≈≈≈≈.# #.#


You could see 2 bullfrogs.

Vanquished Creatures
  Jessica (D:3)
  A hound skeleton (D:4)
  A gnoll (D:1)
  6 adders
  A river rat (D:3)
  A dart slug (D:3)
  2 worms (D:3)
  4 leopard geckos
  5 orcs (D:3)
  7 giant cockroaches
  6 hobgoblins
  3 kobolds
  2 quokkas
  3 ball pythons
  8 bats
  11 frilled lizards
  9 goblins
  9 rats
80 creatures vanquished.

Notes
Turn   | Place    | Note
-------+----------+-------------------------------------------
     0 | D:1      | mopl the Formicid Hunter began the quest for the Orb.
     0 | D:1      | Reached XP level 1. HP: 16/16 MP: 1/1
   398 | D:1      | Reached XP level 2. HP: 21/23 MP: 2/2
   495 | D:1      | Reached skill level 3 in Fighting
   495 | D:1      | Reached XP level 3. HP: 25/29 MP: 3/3
  1410 | D:2      | Reached XP level 4. HP: 26/35 MP: 4/4
  1588 | D:2      | You fall through a shaft for 2 floors!
  1803 | D:3      | Noticed Jessica
  1818 | D:3      | Killed Jessica
  1818 | D:3      | Reached skill level 4 in Fighting
  1818 | D:3      | Reached skill level 5 in Crossbows
  1818 | D:3      | Reached XP level 5. HP: 41/42 MP: 5/5
  2194 | D:3      | Found a glowing drain.
  2200 | Sewer    | Entered a sewer
  2303 | Sewer    | Reached XP level 6. HP: 49/49 MP: 6/6
  2445 | Sewer    | HP: 2/49 [bullfrog (6)]
  2445 | Sewer    | Slain by a bullfrog

Levels and vault maps discovered:
D:1:      dpeg_arrival_rooms_b, layout_basic
D:2:      layout_basic, kennysheep_decorative_pillar, kennysheep_generic_room_15
D:3:      layout_basic, portal_sewer_entry_e, uniq_jessica
D:4:      layout_gridville, minmay_temple_entry_steel_oval
Sewer:    sewer_frog_island_01

Skill      XL: |  1  2  3  4 |
---------------+-------------+-----
Fighting       | 3 4 |  4.7
Crossbows      | 5 |  5.6
Dodging        | |  1.7
Stealth        | |  1.2

Action                   |  1- 3 |  4- 6 || total
-------------------------+-------+-------++-------
Melee: Short sword       |   136 |    19 ||   155
       Quarterstaff      |       |   194 ||   194
 Fire: Hand crossbow     |     3 |       ||     3
 Abil: Dig               |       |     6 ||     6
  Use: Potion            |       |     2 ||     2
  Eat: Chunk             |     1 |     6 ||     7
Armor: Leather armour    |     3 |       ||     3
       Scale mail        |    52 |       ||    52
       Chain mail        |    15 |    94 ||   109
       Plate armour      |       |    80 ||    80
Dodge: Dodged            |    80 |    98 ||   178

Table legend:
 A = Non-vault XP
 B = Vault XP
 C = Vault XP percentage of total XP
 D = Non-vault monster count
 E = Vault monster count
 F = Vault count percentage of total count
                 A         B        C        D         E       F
            +---------+---------+-------+---------+---------+-------
      Total |     178 |     115 |  39.2 |      59 |      21 |  26.2
            +---------+---------+-------+---------+---------+-------
        D:1 |      60 |       0 |   0.0 |      30 |       0 |   0.0
        D:2 |      20 |       0 |   0.0 |       6 |       0 |   0.0
        D:3 |      76 |      58 |  43.3 |      21 |       8 |  27.6
        D:4 |      22 |       0 |   0.0 |       2 |       0 |   0.0
      Sewer |       0 |      57 | 100.0 |       0 |      13 | 100.0
            +---------+---------+-------+---------+---------+-------
